 Dungeon Crawl Stone Soup version 0.29.1-1-gd02db6906a (webtiles) character file.

Game seed: 4349386676921900268

2636 raph the Carver (level 9, 0/111 HPs)
             Began as a Minotaur Abyssal Knight on Oct 5, 2022.
             Was an Elder of Lugonu.
             Slain by a yak (9 damage)
             ... on level 7 of the Dungeon.
             The game lasted 00:09:24 (8420 turns).

raph the Carver (Minotaur Abyssal Knight)           Turns: 8420, Time: 00:09:24

Health: 0/111      AC: 16    Str: 17    XL:     9   Next: 35%
Magic:  10/10      EV:  6    Int:  7    God:    Lugonu [****..]
Gold:   120        SH:  5    Dex: 16    Spells: 8/8 levels left

rFire   . . .      SeeInvis .   a - +3 great sword
rCold   . . .      Faith    .   (shield currently unavailable)
rNeg    . . .      Spirit   .   v - +0 plate armour
rPois   .          Reflect  +   (helmet restricted)
rElec   .          Harm     .   n - +1 cloak
rCorr   .          Rampage  .   j - +0 pair of gloves
Will    .....                   q - +0 pair of boots
Stlth   ..........              k - amulet of reflection
HPRegen 0.28/turn               (no ring)
MPRegen 0.12/turn               (no ring)

@: berserking, studying Long Blades, very quick
A: horns 2, retaliatory headbutt
a: Renounce Religion, Depart the Abyss, Bend Space, Banish, Corrupt


You were on level 7 of the Dungeon.
You worshipped Lugonu.
Lugonu was greatly pleased with you.
You visited 2 branches of the dungeon, and saw 8 of its levels.
You visited the Abyss 1 time.

You collected 366 gold pieces.
You spent 246 gold pieces at shops.

Inventory:

Hand Weapons
 a - a +3 great sword (weapon)
 c - a +1 falchion
 l - a +5 falchion
Missiles
 o - 11 poisoned darts
Armour
 b - a +0 leather armour
 e - a +0 ring mail
 j - a +0 pair of gloves (worn)
 n - a +1 cloak (worn)
 q - a +0 pair of boots (worn)
 v - a +0 plate armour (worn)
Jewellery
 k - an amulet of reflection (around neck)
 y - a ring of wizardry
Scrolls
 f - 3 scrolls of vulnerability
 g - 2 scrolls of immolation
 m - a scroll of blinking
 p - a scroll of poison
 t - a scroll of teleportation
 A - 3 scrolls of fog
Potions
 d - 3 potions of haste
 h - a potion of cancellation
 i - 2 potions of flight
 s - 2 potions of lignification
 u - 2 potions of curing
 w - 2 potions of heal wounds {unknown}
 x - a potion of resistance {unknown}
 z - a potion of magic {unknown}
 B - a potion of mutation {unknown}


   Skills:
 + Level 5.6 Fighting
 * Level 13.3 Long Blades
 + Level 4.7 Armour
 + Level 3.8 Dodging
 + Level 3.8 Invocations


You had 8 spell levels left.
You didn't know any spells.
Your spell library contained the following spells:

 Spells                   Type           Power      Damage    Failure   Level
 Shock                    Conj/Air       0%         1d3       100%        1
 Swiftness                Air            0%         N/A       100%        3
 Airstrike                Air            0%         2d(0-16)  100%        4


Dungeon Overview and Level Annotations

Branches:
Dungeon (7/15)             Temple (1/1) D:5

Altars:
Cheibriados
Dithmenos
Elyvilon
Fedhas
Hepliaklqana
Kikubaaqudgha
Makhleb
Nemelex Xobeh
Qazlal
Ru
Sif Muna
Trog
Uskayaw
Vehumet
Wu Jian
Xom
Yredelemnul
Zin
The Shining One

Shops:
D:5 ?


Innate Abilities, Weirdness & Mutations

You have a pair of horns on your head.
You reflexively headbutt those who attack you in melee.


Message History

The yak gores you! You block the yak's attack.
You slash the yak!
The yak is almost dead.
The yak gores you. The yak gores you!
You slice the yak!!
You kill the yak!
Lugonu accepts your kill. The yak gores you.
Your Long Blades skill increases to level 13!
You barely miss the yak. The yak gores you but does no damage.
You block the yak's attack.
You slash the yak! You headbutt the yak.
The yak is heavily wounded.
The yak gores you. The yak barely misses you.
You hit the yak.
The yak is severely wounded.
The yak gores you! x2
* * * LOW HITPOINT WARNING * * *
You are too injured to fight recklessly!
You are too injured to fight recklessly!
You are too injured to fight recklessly!
You are too injured to fight recklessly!
You are too injured to fight recklessly!
You are too injured to fight recklessly!
You are too injured to fight recklessly!
You slice the yak!!
You kill the yak!
Lugonu accepts your kill. The yak gores you!
* * * LOW HITPOINT WARNING * * *
You slice the yak!! You headbutt the yak.
The yak is almost dead.
The yak gores you!
* * * LOW HITPOINT WARNING * * *
You barely miss the yak.
The yak is almost dead.
The yak gores you but does no damage.
A red film seems to cover your vision as you go berserk!
You feel yourself moving faster!
You feel mighty! The yak gores you!
You die...

.
...#########
..........<#
.......†Y#
...#####@#
###


You could see a yak.

Vanquished Creatures
  3 yaks (D:7)
  2 water moccasins (D:6)
  2 ice beasts
  4 black bears
  An ogre (D:6)
  A kobold brigand (D:5)
  2 phantoms
  3 scorpions
  4 wights (D:6)
  A howler monkey (D:6)
  4 hounds
  2 jellies
  Crazy Yiuf (D:6)
  A gnoll bouda (D:4)
  3 iron imps (D:4)
  An orc wizard (D:6)
  3 iguanas
  9 adders
  11 gnolls
  A river rat (D:3)
  2 ufetubi (D:6)
  5 worms
  The ghost of Aldia the Sneak, a weakling KoDe (D:5)
  A dart slug (D:1)
  15 orcs
  3 ball pythons
  8 endoplasms
  2 giant cockroaches (D:3)
  10 goblins
  7 hobgoblins
  6 jackals (D:1)
  2 quokkas (D:3)
  7 bats
  6 kobolds
  9 rats
143 creatures vanquished.

Vanquished Creatures (others)
  3 fungi (D:6)
3 creatures vanquished.

Grand Total: 146 creatures vanquished

Notes
Turn   | Place    | Note
-------+----------+-------------------------------------------
     0 | Abyss:1  | raph the Minotaur Abyssal Knight began the quest for the
                  | Orb.
     0 | Abyss:1  | Reached XP level 1. HP: 19/19 MP: 1/1
     5 | D:1      | Escaped the Abyss
   307 | D:1      | Reached XP level 2. HP: 26/27 MP: 2/2
   454 | D:1      | Found a faded altar of an unknown god.
   507 | D:1      | Reached XP level 3. HP: 4/33 MP: 3/3
  1145 | D:2      | Reached skill level 3 in Long Blades
  1205 | D:2      | Found a bloodstained altar of Trog.
  1734 | D:2      | Reached XP level 4. HP: 16/40 MP: 4/4
  2462 | D:3      | Reached *** piety under Lugonu
  2592 | D:3      | Noticed a scorpion
  2599 | D:3      | Killed a scorpion
  2600 | D:3      | Reached XP level 5. HP: 34/47 MP: 4/6
  3015 | D:3      | Identified the +6 short sword of Oderph {flame, rC+ Str+5
                  | Int-5 Dex+3}
  3768 | D:3      | Found an ornate altar of the Wu Jian Council.
  3856 | D:3      | Found a glowing silver altar of Zin.
  3893 | D:4      | Reached skill level 4 in Long Blades
  3893 | D:4      | Reached XP level 6. HP: 54/55 MP: 7/7
  4119 | D:4      | Found an ancient bone altar of Kikubaaqudgha.
  4123 | D:4      | Found a white marble altar of Elyvilon.
  4467 | D:4      | Reached **** piety under Lugonu
  4897 | D:4      | Found a burning altar of Makhleb.
  4918 | D:4      | Reached skill level 5 in Long Blades
  5100 | D:4      | Reached skill level 6 in Long Blades
  5109 | D:4      | Reached XP level 7. HP: 39/60 MP: 8/8
  5339 | D:5      | Entered Level 5 of the Dungeon
  5346 | D:5      | Found Mocyc's Magic Scroll Shoppe.
  5362 | D:5      | Bought a scroll of blinking for 97 gold pieces
  5362 | D:5      | Bought a scroll of enchant weapon for 97 gold pieces
  5362 | D:5      | Bought a scroll of identify for 26 gold pieces
  5362 | D:5      | Bought a scroll of identify for 26 gold pieces
  5773 | D:5      | Reached skill level 7 in Long Blades
  5774 | D:5      | Found a runed translucent door.
  5779 | D:5      | Noticed Aldia's ghost (weakling KoDe)
  6033 | D:5      | Reached skill level 8 in Long Blades
  6117 | D:5      | Found a hide-covered altar of Uskayaw.
  6270 | D:5      | Reached skill level 9 in Long Blades
  6270 | D:5      | Reached XP level 8. HP: 66/67 MP: 9/9
  6557 | D:5      | Found a staircase to the Ecumenical Temple.
  6569 | Temple   | Entered the Ecumenical Temple
  6835 | D:5      | Reached skill level 10 in Long Blades
  6976 | D:6      | Found a blossoming altar of Fedhas.
  7279 | D:6      | Reached skill level 11 in Long Blades
  7412 | D:6      | Found a snail-covered altar of Cheibriados.
  7436 | D:6      | Reached skill level 12 in Long Blades
  7646 | D:5      | Killed Aldia's ghost
  7791 | D:6      | Reached XP level 9. HP: 49/73 MP: 10/10
  7814 | D:6      | Reached skill level 5 in Fighting
  8130 | D:6      | Found a runed translucent door.
  8131 | D:6      | Noticed Crazy Yiuf
  8341 | D:6      | Killed Crazy Yiuf
  8414 | D:7      | Reached skill level 13 in Long Blades
  8420 | D:7      | Slain by a yak

Illustrated notes

Levels and vault maps discovered:
D:1:      dpeg_arrival_shelter, layout_basic,
          hellmonk_ecumenical_altar_inner_sanctum, serial_bayou_pond_e,
          corexii_hall_statues_l
D:2:      layout_basic, serial_forest, infiniplex_forest_corner_2,
          infiniplex_forest_straight_2, infiniplex_forest_lined_4_way,
          infiniplex_forest_lined_3, infiniplex_forest_straight_2,
          infiniplex_forest_lined_1, infiniplex_forest_zigzag_2, basic_altar
D:3:      layout_basic, mainiacjoe_overflow_big_doors, portal_sewer_entry_e,
          minmay_guardbox
D:4:      layout_basic, grunt_temple_overflow_open, demons_altar,
          serial_bayou_pond_a, minmay_bisected
D:5:      layout_gridville, lemuel_round_altar, minmay_temple_entry_slanted,
          ebering_ghost_inner_flame, serial_shops, shop, minmay_crystal_room,
          corexii_corridor_pit
D:6:      layout_rooms, fedhas_altar_2, mainiacjoe_overflow_tiny_flanked,
          uniq_crazy_yiuf_cottage
D:7:      layout_basic, uniq_pikel
Temple:   grunt_temple_mini_profane

Skill      XL: |  1  2  3  4  5  6  7  8  9 |
---------------+----------------------------+-----
Invocations    | 2 3 |  3.8
Fighting       | 4 5 |  5.6
Armour         | 3 4 |  4.7
Long Blades    | 3 4 6 9 12 13 | 13.3
Dodging        | 2 3 |  3.8

Action                   |  1- 3 |  4- 6 |  7- 9 || total
-------------------------+-------+-------+-------++-------
Melee: Great sword       |    63 |    72 |   158 ||   293
       Headbutt          |     8 |    25 |    30 ||    63
       Falchion          |       |    71 |       ||    71
Invok: Bend Space        |       |     1 |     1 ||     2
  Use: Scroll            |       |    12 |     7 ||    19
       Potion            |       |       |     1 ||     1
Armor: Leather armour    |    17 |       |       ||    17
       Ring mail         |    21 |    50 |    25 ||    96
       Plate armour      |       |       |    84 ||    84
Dodge: Dodged            |    52 |    78 |    59 ||   189
Block: Other             |       |     4 |    46 ||    50
